 Dungeon Crawl Stone Soup version 0.22-a0-252-gcace5d2 (webtiles) character file.

3507 Amnesiac the Spry (level 9, -4/45 HPs)
             Began as a Spriggan Fighter on Mar 1, 2018.
             Was an Initiate of Gozag.
             Killed from afar by Psyche (9 damage)
             ... with a puff of frost
             ... on level 7 of the Dungeon.
             The game lasted 00:15:15 (9388 turns).

Amnesiac the Spry (Spriggan Fighter)                Turns: 9388, Time: 00:15:16

Health: -4/45      AC:  3    Str: 15    XL:     9   Next: 81%
Magic:  10/10      EV: 37    Int: 10    God:    Gozag
Gold:   1620       SH:  9    Dex: 20    Spells: 8/8 levels left

rFire    . . .     SeeInvis +   a - +2 scimitar
rCold    . . .     Gourm    .   c - +1 buckler
rNeg     . . .     Faith    .   F - +0 robe
rPois    .         Spirit   .   (helmet restricted)
rElec    .         Reflect  .   y - +0 cloak
rCorr    .         Harm     .   (gloves unavailable)
MR       +....                  (boots unavailable)
Stlth    +++.......             t - amulet of rage
HPRegen  0.15/turn              (no ring)
MPRegen  0.12/turn              (no ring)

@: agile, about to teleport, very quick
A: very small, unfitting armour, see invisible, herbivore, speed 3, slow
metabolism 2
a: Potion Petition, Call Merchant, Bribe Branch, Renounce Religion, Evoke
Berserk Rage


You were on level 7 of the Dungeon.
You worshipped Gozag.
Gozag was most pleased with you.
You were not hungry.

You visited 2 branches of the dungeon, and saw 9 of its levels.
You also visited: Sewer.

You collected 1659 gold pieces.
You paid 39 gold pieces to Gozag.

Inventory:

Hand Weapons
 a - a +2 scimitar (weapon)
 b - a +0 blowgun
 v - a +2 dagger of speed
 w - a +0 hunting sling
Missiles
 d - 22 poisoned needles
 e - 204 stones (quivered)
 m - 76 sling bullets
 E - 11 curare-tipped needles
Armour
 c - a +1 buckler (worn)
 y - a +0 cloak (worn)
 F - a +0 robe (worn)
Jewellery
 p - an uncursed amulet of regeneration
 t - an amulet of rage (around neck)
Wands
 h - a wand of disintegration (17)
 q - a wand of random effects (41)
 A - a wand of flame (25)
 G - a wand of iceblast (10)
Scrolls
 i - 5 scrolls of teleportation {!r}
 k - 2 scrolls of identify {!r}
 n - 2 scrolls of amnesia {!r}
 o - a scroll of fog {!r}
 x - 4 scrolls of remove curse {!r}
Potions
 g - a potion of agility {!q}
 j - 2 potions of curing {!q}
 l - 3 potions of magic {!q}
 u - a potion of mutation {!q}
 B - 4 potions of flight {!q}
Comestibles
 f - 8 rations


   Skills:
 - Level 4.0 Fighting
 - Level 2.0 Long Blades
 * Level 15.2 Dodging
 + Level 6.3 Shields


You had 8 spell levels left.
You didn't know any spells.

Dungeon Overview and Level Annotations

Branches:
Dungeon (8/15)             Temple (1/1) D:4
   Lair: D:8-11

Altars:
Ashenzari
Dithmenos
Fedhas
Gozag
Kikubaaqudgha
Makhleb
Nemelex Xobeh
Okawaru
Sif Muna
Trog
Vehumet
Wu Jian
Xom
The Shining One

Annotations:
D:7 Psyche


Innate Abilities, Weirdness & Mutations

You are very small and have problems with some larger weapons.
You are too small for most types of armour.
You have supernaturally acute eyesight. (SInv)
You are a herbivore.
You cover ground extremely quickly.
You need consume almost no food.


Message History

Psyche points at you and mumbles some strange words.
The puff of frost misses you. Psyche hits you with a dagger of chaos.
You feel less confused. You block Psyche's attack.
You barely miss Psyche.
Psyche is heavily wounded.
Psyche completely misses you.
Psyche cries.
You block Psyche's attack.
You hit Psyche.
Psyche is heavily wounded.
Psyche looks satisfied for a moment.
Psyche bursts into tears.
Psyche hits you with a dagger of chaos.
* * * LOW HITPOINT WARNING * * *
Psyche completely misses you.
You completely miss Psyche.
Psyche is heavily wounded.
Psyche points at you and mumbles some strange words.
The puff of frost hits you!
* * * LOW HITPOINT WARNING * * *
Psyche hits you with a dagger of chaos.
* * * LOW HITPOINT WARNING * * *
You block Psyche's attack.
Okay, then.
Psyche points at you and mumbles some strange words.
The magic dart hits you!
* * * LOW HITPOINT WARNING * * *
Really read
i - 7 scrolls of teleportation {!r}?
As you read the scroll of teleportation {!r}, it crumbles to dust.
You feel strangely unstable. Psyche completely misses you.
You block Psyche's attack.
Unknown command.
Psyche laughs secretively.
Psyche completely misses you.
Unknown command.
Unknown command.
Psyche looks encouraged for a moment.
Your surroundings suddenly seem different.
There is an escape hatch in the ceiling here.
Psyche casts a spell at you. The puff of frost misses you.
Psyche gestures at you while chanting. The magic dart hits you!
* * * LOW HITPOINT WARNING * * *
A mysterious force pulls you upwards. The hatch slams shut behind you.
Okay, then.
Really read
r - a scroll labeled IRAARU PEUWOIS {!r}?
As you read the scroll labeled IRAARU PEUWOIS {!r}, it crumbles to dust.
It is a scroll of enchant weapon.
Your +1 scimitar glows red for a moment.
Psyche completely misses you.
You riposte.
You closely miss Psyche.
Psyche is heavily wounded.
You block Psyche's attack.
Really read
i - 6 scrolls of teleportation {!r}?
As you read the scroll of teleportation {!r}, it crumbles to dust.
You feel strangely unstable. Psyche gestures at you while chanting.
The puff of flame misses you. Psyche completely misses you.
Psyche casts a spell at you. The puff of frost hits you!
You die...
Your body crumbles into a pile of gold.

##.###.##.# ###.## ##...###.#
#.## ######..####.# #.##
#............###########.##
#.####.###.#.............##
#.# #.# #.#.##############
###.####.###.#.# ######
#........##....#########.....
#.#.####...@@............##..
#.#.# #.##....############.#
#.#.# #.###.#.# #.#
#.#.####.###.#.# #.#
#.#..........#.# #.#
#..............# #.#
#####.#######..# #.# #.#
#####).# #.# #.# #....<.# #.#


You could see Psyche.

Vanquished Creatures
  A two-headed ogre (D:8)
  An orc warrior (D:7)
  A sky beast (D:5)
  2 necrophages
  2 ogres (D:5)
  3 bullfrogs
  A big kobold (Sewer)
  A gnoll sergeant (D:5)
  3 scorpions
  4 wights (D:8)
  A howler monkey (D:5)
  2 centaur zombies
  2 crimson imps (D:5)
  3 jellies
  3 orc priests
  A centaur skeleton (D:7)
  A gnoll shaman (D:7)
  3 hounds (D:5)
  5 worker ants
  2 iguanas
  8 orc wizards
  4 hound skeletons
  2 worker ant zombies
  13 gnolls
  2 howler monkey skeletons
  A river rat (D:4)
  12 adders
  3 oozes
  An adder skeleton (D:5)
  5 worms
  2 dart slugs
  4 leopard geckos
  26 orcs
  A ball python (Sewer)
  12 giant cockroaches
  10 hobgoblins
  13 jackals
  5 quokkas
  9 bats
  5 frilled lizards
  9 goblins
  21 kobolds
  3 quokka skeletons
  18 rats
231 creatures vanquished.

Notes
Turn   | Place    | Note
-------+----------+-------------------------------------------
     0 | D:1      | Amnesiac the Spriggan Fighter began the quest for the Orb.
     0 | D:1      | Reached XP level 1. HP: 11/11 MP: 2/2
   299 | D:1      | Reached XP level 2. HP: 12/16 MP: 3/3
   540 | D:1      | Reached skill level 5 in Dodging
   829 | D:3      | Found an opulent altar of Gozag.
   835 | D:3      | Became a worshipper of Gozag Ym Sagoz the Greedy
   855 | D:3      | Reached XP level 3. HP: 17/19 MP: 4/4
  1230 | D:2      | Found a sparkling altar of Nemelex Xobeh.
  1336 | D:2      | Reached XP level 4. HP: 17/23 MP: 5/5
  1548 | D:3      | Reached skill level 6 in Dodging
  1846 | D:3      | Found a shimmering altar of Xom.
  2176 | D:3      | Reached XP level 5. HP: 16/28 MP: 6/6
  2560 | D:4      | Found a radiant altar of Vehumet.
  2561 | D:4      | Found a glowing golden altar of the Shining One.
  2573 | D:4      | Found a deep blue altar of Sif Muna.
  2576 | D:4      | Found a bloodstained altar of Trog.
  2578 | D:4      | Found a shattered altar of Ashenzari.
  2579 | D:4      | Found a shadowy altar of Dithmenos.
  2597 | D:4      | Found a staircase to the Ecumenical Temple.
  2613 | Temple   | Entered the Ecumenical Temple
  2873 | D:4      | Reached skill level 7 in Dodging
  3331 | D:4      | Found a glowing drain.
  3345 | Sewer    | Entered a sewer
  3428 | Sewer    | Reached XP level 6. HP: 15/32 MP: 7/7
  4033 | D:4      | Reached skill level 8 in Dodging
  4658 | D:5      | Entered Level 5 of the Dungeon
  5072 | D:5      | Reached XP level 7. HP: 31/37 MP: 8/8
  5161 | D:5      | Reached skill level 9 in Dodging
  5785 | D:5      | Reached skill level 10 in Dodging
  6022 | D:5      | Reached XP level 8. HP: 36/42 MP: 9/9
  6105 | D:5      | Reached skill level 11 in Dodging
  6164 | D:5      | Found a blossoming altar of Fedhas.
  6488 | D:6      | Found an ancient bone altar of Kikubaaqudgha.
  7065 | D:6      | Reached skill level 12 in Dodging
  7129 | D:6      | Found a burning altar of Makhleb.
  7304 | D:6      | Reached skill level 5 in Shields
  8042 | D:7      | Found an iron altar of Okawaru.
  8068 | D:7      | Reached XP level 9. HP: 45/45 MP: 10/10
  8076 | D:7      | Reached skill level 13 in Dodging
  8351 | D:7      | Found an ornate altar of the Wu Jian Council.
  8796 | D:8      | Found a burning altar of Makhleb.
  8886 | D:8      | Reached skill level 14 in Dodging
  9083 | D:8      | Noticed a two-headed ogre
  9093 | D:8      | Killed a two-headed ogre
  9093 | D:8      | Reached skill level 15 in Dodging
  9334 | D:8      | Noticed Psyche
  9388 | D:7      | Killed from afar by Psyche

Vault maps used:
D:1:      eino_arrival_water_star, minmay_misc_feat_plants
D:2:      serial_glass, glass_columns_a, glass_columns_a, glass_columns_a,
          first_ration, nemelex_xobeh_ov_fountains_minmay
D:3:      lemuel_doored_altar, overflow_temple_1_default,
          hangedman_decor_clover_reticule, minmay_misc_feat_columns,
          minmay_guardbox
D:4:      grunt_temple_overflow_open, minmay_temple_entry_statues_pillars,
          portal_sewer_entry_e
D:5:      fedhas_altar_1
D:6:      lemuel_round_altar, makhleb_blood_cavern_becter
D:7:      lemuel_coloured_pillars_altar, lemuel_round_altar
D:8:      basic_altar, uniq_psyche
Temple:   jpeg_temple_alley_garden
Sewer:    kennysheep_pipe_town

Skill      XL: |  1  2  3  4  5  6  7  8  9 |
---------------+----------------------------+-----
Long Blades    | 2 |  2.0
Dodging        | 5 6 7 8 10 12 15 | 15.2
Fighting       | 3 4 |  4.0
Shields        | 3 4 5 6 |  6.3

Action                   |  1- 3 |  4- 6 |  7- 9 || total
-------------------------+-------+-------+-------++-------
Melee: Long sword        |   104 |   344 |   424 ||   872
       Dagger            |       |    29 |       ||    29
       Scimitar          |       |       |    54 ||    54
 Fire: Hunting sling     |       |       |    45 ||    45
       Blowgun           |       |       |     7 ||     7
Invok: Potion Petition   |       |     1 |       ||     1
 Abil: Evoke Berserk Rag |       |     2 |     3 ||     5
  Use: Potion            |       |     1 |    14 ||    15
       Scroll            |       |       |    15 ||    15
 Stab: Sleeping          |     2 |     2 |     2 ||     6
       Invisible         |       |     7 |       ||     7
       Distracted        |       |       |     2 ||     2
  Eat: Ration            |       |     4 |     4 ||     8
Armor: Robe              |     6 |    29 |    17 ||    52
Dodge: Dodged            |   104 |   342 |   492 ||   938
Block: Buckler           |    21 |   131 |   225 ||   377
       Rpst.: Long sword |    35 |   120 |   127 ||   282
       Scimitar          |       |       |    18 ||    18

Table legend:
 A = Spawn XP
 B = Non-spawn XP
 C = Spawn XP percentage of total XP
 D = Spawn monster count
 E = Non-spawn monster count
 F = Spawn count percentage of total count
 G = Total turns spent on level
                    A         B        C        D         E        F      G
               +---------+---------+-------+---------+---------+-------+---------
         Total |       0 |    5011 |   0.0 |       0 |     231 |   0.0 |  9388
               +---------+---------+-------+---------+---------+-------+---------
           D:1 |       0 |      35 |   0.0 |       0 |      20 |   0.0 |   709
           D:2 |       0 |      61 |   0.0 |       0 |      19 |   0.0 |   781
           D:3 |       0 |     129 |   0.0 |       0 |      31 |   0.0 |  1396
           D:4 |       0 |     250 |   0.0 |       0 |      34 |   0.0 |  1227
           D:5 |       0 |    1271 |   0.0 |       0 |      34 |   0.0 |  1583
           D:6 |       0 |     527 |   0.0 |       0 |      23 |   0.0 |   977
           D:7 |       0 |     701 |   0.0 |       0 |      28 |   0.0 |  1278
           D:8 |       0 |    1875 |   0.0 |       0 |      17 |   0.0 |   645
        Temple |       0 |      14 |   0.0 |       0 |       1 |   0.0 |   174
         Sewer |       0 |     148 |   0.0 |       0 |      24 |   0.0 |   618
               +---------+---------+-------+---------+---------+-------+---------
